 Dungeon Crawl Stone Soup version 0.29-a0-821-g6639535 (webtiles) character file.

Game seed: 13405258849318628001

1987 Illumine the Cleaver (level 9, -3/106 HPs)
             Began as a Minotaur Fighter on July 7, 2022.
             Slain by a boulder beetle (5 damage)
             ... on level 6 of the Dungeon.
             The game lasted 00:04:16 (5675 turns).

Illumine the Cleaver (Minotaur Fighter)             Turns: 5675, Time: 00:04:17

Health: -3/106     AC: 17    Str: 25 (26) XL:     9   Next: 1%
Magic:  8/8        EV:  9    Int:  3 (5)  God:
Gold:   233        SH:  4    Dex:  6 (9)  Spells: 8/8 levels left

rFire   . . .      SeeInvis .   a - +0 war axe
rCold   . . .      Faith    .   c - +0 buckler
rNeg    + . .      Spirit   .   n - +1 scale mail {rN+}
rPois   +          Reflect  .   (helmet restricted)
rElec   .          Harm     .   u - +0 cloak
rCorr   .          Rampage  .   B - +0 pair of gloves
Will    .....                   (no boots)
Stlth   ..........              (no amulet)
HPRegen 0.27/turn               g - +4 ring of protection
MPRegen 0.11/turn               r - ring of poison resistance

@: mighty, berserking, flying, very quick
A: horns 2, retaliatory headbutt, hooves 1, iridescent scales 1, frail 1
a: no special abilities


You were on level 6 of the Dungeon.
You visited 1 branch of the dungeon, and saw 6 of its levels.

You collected 233 gold pieces.

Inventory:

Hand Weapons
 a - a +0 war axe (weapon)
Missiles
 q - 12 poisoned darts (quivered)
 w - 5 curare-tipped darts
 F - 2 throwing nets
Armour
 b - a +0 scale mail
 c - a +0 buckler (worn)
 n - a +1 scale mail of positive energy (worn)
 u - a +0 cloak (worn)
 B - a +0 pair of gloves (worn)
Jewellery
 g - a +4 ring of protection (left hand)
 k - a ring of willpower
 l - a +6 ring of dexterity
 r - a ring of poison resistance (right hand)
 A - a ring of wizardry
 H - a ring of positive energy
Wands
 s - a wand of iceblast (11)
 y - a wand of flame (18)
Scrolls
 e - 3 scrolls of poison {unknown}
 f - a scroll of noise {unknown}
 h - 2 scrolls of vulnerability {unknown}
 m - 4 scrolls of teleportation {unknown}
 o - 2 scrolls of fear {unknown}
 x - a scroll of fog {unknown}
 C - a scroll of magic mapping {unknown}
 E - a scroll of amnesia {unknown}
 G - a scroll of identify {unknown}
Potions
 d - 3 potions of might
 p - 2 potions of degeneration
 t - a potion of mutation
 v - a potion of attraction {unknown}
 z - a potion of curing
 D - a potion of brilliance {unknown}
 I - a potion of lignification {unknown}


   Skills:
 + Level 7.3 Fighting
 * Level 9.4 Axes
 - Level 2.0 Throwing
 + Level 7.5 Armour
 + Level 4.4 Shields
 + Level 3.0 Evocations


You had 8 spell levels left.
You didn't know any spells.
Your spell library contained the following spells:

 Spells                   Type           Power      Damage    Failure   Level
 Sting                    Tmut/Pois      0%         1d3       86%         1
 Poisonous Vapours        Pois/Air       0%         N/A       95%         2
 Olgreb's Toxic Radiance  Pois           0%         N/A       100%        4


Dungeon Overview and Level Annotations

Branches:
Dungeon (6/15)
 Temple: D:4-7

Altars:
Gozag
Ru
Sif Muna
Yredelemnul

Shops:
D:2 =

Annotations:
D:6 5 runed translucent doors


Innate Abilities, Weirdness & Mutations

You have a pair of horns on your head.
You reflexively headbutt those who attack you in melee.
You have large cloven feet.
You are partially covered in iridescent scales. (AC +2)
You are frail. (-10% HP)


Message History

It was a potion of curing.
You feel better. The boulder beetle closely misses you.
Okay, then.
Okay, then.
It was a potion of flight.
You feel very buoyant.
You fly up into the air.
The boulder beetle barely misses you.
It was a potion of berserk rage.
A red film seems to cover your vision as you go berserk!
You feel yourself moving faster!
You feel mighty!
The boulder beetle bites you but does no damage.
You hit the boulder beetle but do no damage.
You kick the boulder beetle, but do no damage.
The boulder beetle is moderately wounded.
The boulder beetle bites you!
* * * LOW HITPOINT WARNING * * *
Unknown command.
You are too berserk!
You hit the boulder beetle.
The boulder beetle is moderately wounded.
You hit the boulder beetle but do no damage.
You headbutt the boulder beetle!
The boulder beetle is heavily wounded.
The boulder beetle misses you.
You hit the boulder beetle.
The boulder beetle is heavily wounded.
The boulder beetle bites you.
* * * LOW HITPOINT WARNING * * *
Unknown command.
You hit the boulder beetle but do no damage.
The boulder beetle is heavily wounded.
You hit the boulder beetle but do no damage.
You headbutt the boulder beetle, but do no damage.
The boulder beetle is heavily wounded.
The boulder beetle closely misses you.
You slash the boulder beetle!
You kick the boulder beetle, but do no damage.
The boulder beetle is severely wounded.
The boulder beetle bites you.
You die...

..# ##.####....## ###.# ###
#..#.......#####...## # ####
##..................## # ###..##
#...######..######..# ###.....##
##..##. ####....##..
.#.......###...#.### #[##.#.#..
..........##.#.#z#.## ###..#.#..
..>..........#.#B##.# #..###.#..
............##.#@#.## #.##.#.#.#
............##.##...# ###.#.##.#
.............#..###'# #÷###..#
..............#..(..######.....##
..............###..##8:)8##..####
÷..............##..#8....8#..# ##
...................+O.....+..###.
..............####.+......+......
.....#######...# #.#8....8#.##...


You could see a boulder beetle and a wight.

Vanquished Creatures
  Grinder (D:3)
  A yak (D:6)
  2 water moccasins
  A sky beast (D:6)
  An ogre (D:5)
  A phantom (D:6)
  A kobold brigand (D:6)
  A necrophage (D:6)
  A bullfrog (D:6)
  A gnoll sergeant (D:3)
  A scorpion (D:5)
  3 jellies
  A hound (D:5)
  2 orc priests
  2 gnoll boudas
  5 iguanas
  Ijyb (D:3)
  Natasha (thrice) (D:3)
  An orc wizard (D:4)
  17 gnolls
  10 adders
  A shadow imp (D:6)
  3 white imps
  A dart slug (D:1)
  15 orcs
  10 ball pythons
  5 bats
  7 endoplasms
  9 giant cockroaches
  4 hobgoblins
  7 jackals
  7 quokkas
  3 frilled lizards
  5 goblins
  15 kobolds
  4 rats
153 creatures vanquished.

Notes
Turn   | Place    | Note
-------+----------+-------------------------------------------
     0 | D:1      | Illumine the Minotaur Fighter began the quest for the Orb.
     0 | D:1      | Reached XP level 1. HP: 19/19 MP: 0/0
   131 | D:1      | Reached XP level 2. HP: 17/27 MP: 1/1
   354 | D:1      | Reached skill level 3 in Axes
   546 | D:1      | Found a faded altar of an unknown god.
   572 | D:1      | Reached XP level 3. HP: 30/33 MP: 2/2
   993 | D:2      | Found Qunue's Jewellery Boutique.
  1289 | D:2      | Reached XP level 4. HP: 37/40 MP: 3/3
  1430 | D:3      | Reached skill level 4 in Axes
  1548 | D:3      | Found a sacrificial altar of Ru.
  1806 | D:3      | Noticed a gnoll sergeant
  1818 | D:3      | Killed a gnoll sergeant
  1819 | D:3      | Reached skill level 5 in Axes
  1819 | D:3      | Reached XP level 5. HP: 16/47 MP: 4/4
  2179 | D:3      | Noticed Grinder
  2183 | D:3      | Paralysed by Grinder for 4 turns
  2193 | D:3      | Killed Grinder
  2194 | D:3      | Reached skill level 5 in Fighting
  2194 | D:3      | Reached skill level 6 in Axes
  2194 | D:3      | Reached skill level 5 in Armour
  2194 | D:3      | Reached XP level 6. HP: 43/56 MP: 5/5
  2298 | D:3      | Noticed Natasha
  2307 | D:3      | Killed Natasha
  2383 | D:3      | Noticed Ijyb
  2392 | D:3      | Killed Ijyb
  2509 | D:3      | Noticed Natasha
  2519 | D:3      | Killed Natasha
  2671 | D:3      | Noticed Natasha
  2685 | D:3      | Killed Natasha
  2846 | D:3      | Reached XP level 7. HP: 61/61 MP: 6/6
  2890 | D:4      | Reached skill level 7 in Axes
  3256 | D:4      | Found a basalt altar of Yredelemnul.
  3296 | D:4      | Found a shimmering blue altar of Sif Muna.
  3364 | D:4      | Found an opulent altar of Gozag.
  3649 | D:5      | Entered Level 5 of the Dungeon
  3806 | D:5      | Reached skill level 1 in Throwing
  3806 | D:5      | Reached skill level 1 in Evocations
  3855 | D:5      | Identified the +8 long sword "Ofasoy" {spect, rElec rC+
                  | Int-5 Dex+4}
  3863 | D:5      | Reached XP level 8. HP: 43/70 MP: 7/7
  4048 | D:5      | Reached skill level 8 in Axes
  5176 | D:6      | Found a large runed translucent door.
  5176 | D:6      | Found a runed translucent door.
  5177 | D:6      | Found a large runed translucent door.
  5179 | D:6      | Noticed a two-headed ogre
  5180 | D:6      | Noticed a six-headed hydra
  5191 | D:6      | Found a large runed translucent door.
  5191 | D:6      | Found a large runed translucent door.
  5277 | D:6      | Reached skill level 9 in Axes
  5650 | D:6      | Reached XP level 9. HP: 79/79 MP: 8/8
  5650 | D:6      | Noticed a boulder beetle
  5664 | D:6      | Gained mutation: You have large cloven feet. [potion of
                  | mutation]
  5664 | D:6      | Gained mutation: You are partially covered in iridescent
                  | scales. (AC +2) [potion of mutation]
  5664 | D:6      | Gained mutation: You are frail. (-10% HP) [potion of
                  | mutation]
  5665 | D:6      | HP: 1/71 [boulder beetle (6)]
  5672 | D:6      | HP: 1/106 [boulder beetle (2)]
  5675 | D:6      | Slain by a boulder beetle

Illustrated notes

Levels and vault maps discovered:
D:1:      minmay_arrival_radiant_lines, layout_basic,
          ebering_ecumenical_altar_petrified
D:2:      layout_rooms, serial_shops, nicolae_shop_hallway_plus
D:3:      layout_basic, nicolae_ru_the_path_less_chosen, interstate_on_off,
          uniq_ijyb, uniq_grinder, uniq_natasha
D:4:      layout_rooms, grunt_temple_overflow_open
D:5:      layout_rooms, gup_sewer_entry_pipe
D:6:      layout_cave_pods, lemuel_crystal_altar, minmay_temple_entry_wispy,
          ebering_ghost_reflecting_pool, minmay_hollow_rounded_squares

Skill      XL: |  1  2  3  4  5  6  7  8 |
---------------+-------------------------+-----
Axes           | 3 5 6 7 9 |  9.4
Fighting       | 4 5 6 7 |  7.3
Armour         | 4 5 6 7 |  7.5
Shields        | 4 |  4.4
Throwing       | 1 2 |  2.0
Evocations     | 1 3 |  3.0

Action                   |  1- 3 |  4- 6 |  7- 9 || total
-------------------------+-------+-------+-------++-------
Melee: War axe           |    79 |    66 |   247 ||   392
       Headbutt          |     6 |     4 |    57 ||    67
       Kick              |       |       |     2 ||     2
Evoke: Wand              |       |     5 |       ||     5
  Use: Potion            |       |       |     6 ||     6
Armor: Scale mail        |    54 |    40 |    99 ||   193
Dodge: Dodged            |    51 |    27 |   106 ||   184
Block: Buckler           |    17 |    11 |    44 ||    72

Table legend: (Time is in decaauts)
 A = Elapsed time spent in this place.
 B = Non-inter-level travel time spent in this place.
 C = Inter-level travel time spent in this place.
 D = Time resting spent in this place.
 E = Time spent auto-exploring this place.
 F = Levels seen in this place.
 G = Mean time per level.
                   A        B        C        D        E       F      G
               +--------+--------+--------+--------+--------+-----+--------+
         Total |   5772 |   5621 |    151 |    186 |   4463 |   6 |  962.0 |
       Dungeon |   5772 |   5621 |    151 |    186 |   4463 |   6 |  962.0 |
               +--------+--------+--------+--------+--------+-----+--------+

Top non-repeatable levels by time:
     D:3: 1484 daAuts
     D:6: 1234 daAuts
     D:1: 944 daAuts
     D:5: 822 daAuts
     D:4: 778 daAuts
     D:2: 508 daAuts
